 Dungeon Crawl Stone Soup version 0.30.1-9-gdf580d7c3d (webtiles) character file.

Game seed: 6978268604874580977

5988 Ivernyr the Blocker (level 11, -2/87 HPs)
             Began as a Formicid Fighter on Oct 4, 2023.
             Was a Believer of Zin.
             Killed from afar by Erolcha (15 damage)
             ... with a fireball
             ... on level 9 of the Dungeon.
             The game lasted 00:20:52 (7947 turns).

Ivernyr the Blocker (Formicid Fighter)              Turns: 7947, Time: 00:20:53

Health: -2/87      AC: 13    Str: 25    XL:     11   Next: 10%
Magic:  12/12      EV:  9    Int:  8    God:    Zin [**....]
Gold:   475        SH: 11    Dex: 13    Spells: 10/10 levels left

rFire   . . .        a - +7 hand axe of Corruption {speed, Will+ Stlth+}
rCold   + . .        c - +0 kite shield
rNeg    . . .        b - +0 scale mail
rPois   .            (helmet unavailable)
rElec   .            (no cloak)
rCorr   .            (no gloves)
SInv    +            e - +0 pair of boots
Will    ++...        (no amulet)
Stlth   +            l - ring of protection from cold
HPRegen 0.34/turn    C - +4 ring of protection
MPRegen 0.13/turn

%: no passive effects
@: no status effects
A: permanent stasis, dig shafts and tunnels, antennae 3, four strong arms
a: Dig, Shaft Self, Renounce Religion, Recite, Vitalisation, Donate Gold


You were on level 9 of the Dungeon.
You worshipped Zin.
Zin was pleased with you.
You visited 2 branches of the dungeon, and saw 10 of its levels.

You collected 551 gold pieces.
You spent 24 gold pieces at shops.
You donated 52 gold pieces to Zin.

Inventory:

Hand Weapons
 a - the +7 hand axe of Corruption (weapon) {speed, Will+ Stlth+}
   (You found it on level 3 of the Dungeon)

   Will:      It increases your willpower.
   Stlth:     It makes you more stealthy.
 K - a +5 battleaxe
Armour
 b - a +0 scale mail (worn)
 c - a +0 kite shield (worn)
 e - a +0 pair of boots (worn)
Jewellery
 l - a ring of protection from cold (left hand)
 o - a ring of protection from cold
 w - a ring of willpower
 C - a +4 ring of protection (right hand)
Wands
 A - a wand of light (13)
 B - a wand of iceblast (14)
 D - a wand of digging (10)
 E - a wand of flame (46)
 J - a wand of paralysis (12)
Scrolls
 f - a scroll of amnesia
 h - a scroll of enchant armour
 j - a scroll of identify
 k - 2 scrolls of enchant weapon
 m - 2 scrolls of magic mapping
 v - a scroll of fear
 x - 2 scrolls of fog
 z - 2 scrolls of poison {unknown}
Potions
 d - 2 potions of might
 g - 6 potions of heal wounds {unknown}
 i - 3 potions of attraction {unknown}
 n - a potion of magic {unknown}
 p - a potion of degeneration {unknown}
 q - 2 potions of lignification {unknown}
 r - 2 potions of curing {unknown}
 s - 2 potions of ambrosia {unknown}
 t - a potion of resistance {unknown}
 u - a potion of invisibility
 F - 3 potions of mutation {unknown}
 G - a potion of haste {unknown}
 H - 2 potions of brilliance {unknown}
 I - a potion of flight {unknown}


   Skills:
 + Level 8.5 Fighting
 * Level 8.7(9.4) Axes
 - Level 5.2(7.7) Maces & Flails
 + Level 8.5 Armour
 + Level 10.1 Shields
 + Level 2.0 Invocations


You had 10 spell levels left.
You didn't know any spells.
Your spell library contained the following spells:

 Spells                   Type           Power      Damage    Failure   Level
 Cigotuvi's Dreadful Rot  Necr/Pois/Air  0%         N/A       93%         2
 Frozen Ramparts          Ice            0%         1d1       99%         3
 Gell's Gravitas          Tloc           0%         N/A       99%         3
 Ignite Poison            Fire/Tmut/Pois 0%         N/A       99%         3
 Teleport Other           Tloc           0%         N/A       99%         3
 Ice Form                 Ice/Tmut       0%         N/A       100%        4
 Passage of Golubria      Tloc           0%         N/A       100%        4
 Summon Ice Beast         Ice/Summ       0%         N/A       100%        4
 Freezing Cloud           Conj/Ice/Air   0%         6-21      100%        5
 Silence                  Hex/Air        0%         N/A       100%        5
 Dispersal                Tloc           0%         N/A       100%        6
 Lehudib's Crystal Spear  Conj/Erth      0%         10d2      100%        8


Dungeon Overview and Level Annotations

Branches:
Dungeon (9/15)             Temple (1/1) D:7
   Lair: D:8-11         Orc: D:9-12

Altars:
Ashenzari
Cheibriados
Dithmenos
Elyvilon
Fedhas
Gozag
Hepliaklqana
Kikubaaqudgha
Makhleb
Nemelex Xobeh
Okawaru
Qazlal
Ru
Sif Muna
Trog
Uskayaw
Vehumet
Wu Jian
Xom
Yredelemnul
Zin
The Shining One

Shops:
D:6 =?*:(   D:7 :((

Annotations:
D:6 2 transporters
D:9 Erolcha


Innate Abilities, Weirdness & Mutations

You cannot be hasted, slowed, berserked, paralysed or teleported.
You can dig through walls and to a lower floor.
You have a pair of large antennae on your head. (SInv)
Your four strong arms can wield two-handed weapons with a shield.


Message History

There is an open door here.
Erolcha the Cunning comes into view.
She is wielding a +5 spectral giant club and carrying a wand of light (4).
Erolcha shouts!
You hear a croak.
A bullfrog comes into view.
Erolcha tries to grin evilly.
Erolcha casts a spell at you.
The fireball explodes!
The fireball engulfs you!!
You hit Erolcha.
Erolcha is lightly wounded.
You slash the bullfrog!
The bullfrog hits you but does no damage.
Erolcha mumbles some strange words.
Erolcha blinks!
The bullfrog attacks as you move away! You block the bullfrog's attack.
Erolcha hits you with a +5 spectral giant club!
You block the +5 spectral giant club's attack.
A +5 spectral giant club comes into view.
You closely miss the +5 spectral giant club.
You hit Erolcha. You slash the bullfrog!
The bullfrog hits you but does no damage.
You hit Erolcha.
Erolcha is moderately wounded.
You closely miss the bullfrog. You hit the +5 spectral giant club.
Erolcha shares her spectral weapon's damage!
You block the bullfrog's attack.
Unknown command.
You hit Erolcha.
Erolcha is moderately wounded.
You slash the bullfrog!
You kill the bullfrog!
You slash the +5 spectral giant club!
Erolcha shares her spectral weapon's damage!
Erolcha hits you with a +5 spectral giant club!!!
* * * LOW HITPOINT WARNING * * *
The +5 spectral giant club hits you.
* * * LOW HITPOINT WARNING * * *
Your Invocations skill increases to level 2!
Erolcha points at you and mumbles some strange words.
The fireball explodes!
The fireball engulfs you!
You die...

#.#
#......#..##.....
#.#
+......'.###.....
#.# #......###
#..... #.#
####'### #.....
#.# ##....# .#
##..#### #O.##
##(########
#.†@.......
#..........
#..........
#..........
#..........
...........
##..........
###########


You could see Erolcha and a +5 spectral giant club.

Vanquished Creatures
  Erica (D:8)
  A two-headed ogre (D:7)
  A troll (D:9)
  Sigmund (D:3)
  A wyvern (D:8)
  5 yaks (D:7)
  Grum (D:9)
  4 steam dragons
  The ghost of jaiteiro the Conjurer, an amateur DECj (D:3)
  Pargi (D:3)
  2 black bears
  2 wolves (D:9)
  An ogre (D:4)
  A phantom (D:6)
  2 kobold brigands
  3 bullfrogs
  8 wights (D:8)
  9 killer bees
  A howler monkey (D:8)
  3 gnoll boudas
  An orc priest (D:6)
  4 hounds
  Terence (D:2)
  5 sleepcaps
  4 iguanas
  Ijyb (D:3)
  3 orc wizards
  2 killer bee zombies (D:8)
  Robin (D:2)
  14 gnolls
  11 adders
  A white imp (D:6)
  An ufetubus (D:5)
  A worm (D:3)
  2 dart slugs
  20 orcs
  5 ball pythons
  9 endoplasms
  13 goblins
  7 hobgoblins
  12 jackals
  14 kobolds
  11 bats
  A frilled lizard (D:1)
  A giant cockroach (D:2)
  4 rats
198 creatures vanquished.

Notes
Turn   | Place    | Note
-------+----------+-------------------------------------------
     0 | D:1      | Ivernyr the Formicid Fighter began the quest for the Orb.
     0 | D:1      | Reached XP level 1. HP: 18/18 MP: 1/1
   122 | D:1      | Reached XP level 2. HP: 24/24 MP: 2/2
   306 | D:1      | Reached XP level 3. HP: 29/29 MP: 3/3
   678 | D:2      | Noticed Terence
   699 | D:2      | Killed Terence
   700 | D:2      | Reached XP level 4. HP: 19/37 MP: 4/4
   945 | D:2      | Noticed Robin
   983 | D:2      | Killed Robin
  1254 | D:3      | Noticed Sigmund
  1263 | D:3      | Reached XP level 5. HP: 33/40 MP: 5/5
  1295 | D:3      | Killed Sigmund
  1296 | D:3      | Reached skill level 5 in Shields
  1296 | D:3      | Reached XP level 6. HP: 37/49 MP: 6/6
  1296 | D:3      | Noticed Pargi
  1312 | D:3      | Killed Pargi
  1462 | D:3      | Reached XP level 7. HP: 55/55 MP: 7/7
  1466 | D:3      | Identified the +7 hand axe of Corruption {speed, Will+
                  | Stlth+}
  1492 | D:3      | Found a runed translucent door.
  1492 | D:3      | Noticed jaiteiro's ghost (amateur DECj)
  1558 | D:3      | Noticed Ijyb
  1575 | D:3      | Killed Ijyb
  2103 | D:3      | Killed jaiteiro's ghost
  2104 | D:3      | Reached skill level 5 in Fighting
  2104 | D:3      | Reached skill level 5 in Maces & Flails
  2173 | D:4      | Reached skill level 6 in Shields
  2184 | D:4      | Reached skill level 5 in Armour
  2388 | D:4      | Reached skill level 1 in Axes
  2556 | D:4      | Reached XP level 8. HP: 54/62 MP: 8/8
  2827 | D:5      | Entered Level 5 of the Dungeon
  2859 | D:5      | Found a snail-covered altar of Cheibriados.
  3080 | D:5      | Found a stormy altar of Qazlal.
  3755 | D:6      | Found Booj's Magic Scroll Emporium.
  3763 | D:6      | Bought a scroll of identify for 24 gold pieces
  3861 | D:6      | Found a transporter.
  3865 | D:6      | Found Lerelaba's Assorted Antiques.
  3905 | D:6      | Reached skill level 7 in Shields
  3925 | D:6      | Found Avuoj's Book Shoppe.
  3931 | D:6      | Found Fureusm's Antique Weapon Shop.
  4119 | D:6      | Found Honewk's Jewellery Shop.
  4152 | D:6      | Found a transporter.
  4212 | D:6      | Reached XP level 9. HP: 44/69 MP: 9/9
  4654 | D:6      | Reached skill level 5 in Axes
  5247 | D:7      | Found Caijav's Magic Scroll Shoppe.
  5318 | D:7      | Found a staircase to the Ecumenical Temple.
  5341 | Temple   | Entered the Ecumenical Temple
  5601 | D:7      | Reached skill level 8 in Shields
  5813 | D:7      | Found Amijodaz's Book Boutique.
  5827 | D:7      | Found a radiant altar of Vehumet.
  5828 | D:7      | Found a glowing golden altar of the Shining One.
  5830 | D:7      | Found a shadowy altar of Dithmenos.
  5832 | D:7      | Found an ornate altar of the Wu Jian Council.
  5832 | D:7      | Found an ancient bone altar of Kikubaaqudgha.
  5837 | D:7      | Reached XP level 10. HP: 79/79 MP: 10/10
  5928 | D:7      | Found Kuhaniv's Weapon Emporium.
  6004 | D:7      | Noticed a two-headed ogre
  6012 | D:7      | Killed a two-headed ogre
  6013 | D:7      | Reached skill level 9 in Shields
  6157 | D:7      | Found Dogots's Weapon Shop.
  6351 | D:7      | Found a glowing silver altar of Zin.
  6351 | D:7      | Noticed an angel
  6440 | D:8      | Noticed Erica
  6460 | D:8      | Killed Erica
  7069 | D:8      | Found a shimmering blue altar of Sif Muna.
  7318 | D:8      | Found a basalt altar of Yredelemnul.
  7474 | D:7      | Became a worshipper of Zin the Law-Giver
  7474 | D:7      | Reached * piety under Zin
  7474 | D:7      | Reached ** piety under Zin
  7648 | D:9      | Reached skill level 1 in Invocations
  7695 | D:9      | Reached XP level 11. HP: 71/87 MP: 10/12
  7806 | D:9      | Noticed Grum
  7814 | D:9      | Reached skill level 10 in Shields
  7818 | D:9      | Killed Grum
  7939 | D:9      | Noticed Erolcha
  7947 | D:9      | Killed from afar by Erolcha

Illustrated notes

Levels and vault maps discovered:
D:1:      amcnicky_arrival_underground_garden, layout_rooms,
          minmay_misc_feat_cross
D:2:      layout_rooms, uniq_terence, uniq_robin
D:3:      layout_rooms, hellmonk_ghost_happy_afterlife, grunt_ministairs_7,
          wad_orctagon, uniq_sigmund, uniq_ijyb, uniq_pargi
D:4:      layout_basic
D:5:      layout_basic, kennysheep_slug_shrine, grunt_qazlal_sundering,
          kennysheep_generic_room_6
D:6:      layout_cave_pods, serial_shops, shop, nicolae_shop_stone,
          nicolae_lakefront_shop, shop, nicolae_shop_drivethru
D:7:      layout_loops_ring, zin_angel, grunt_temple_overflow_open,
          minmay_temple_entry_mist, serial_shops, shop, nicolae_diamond_shop,
          kennysheep_mini, shop
D:8:      layout_rooms, mainiacjoe_overflow_concentric_impassable,
          lemuel_zombie_altar_yredelemnul, serial_curves, eino_curves_04,
          eino_curves_03, chequers_decorated_corner, uniq_erica
D:9:      layout_roguey, ebering_ghost_gozag, uniq_maggie, uniq_erolcha,
          uniq_grum
Temple:   hellmonk_temple_forest_ring

Skill      XL: |  1  2  3  4  5  6  7  8  9 10 11 |
---------------+----------------------------------+-----
Maces & Flails | 3 4 5 |  5.2
Fighting       | 4 5 6 7 8 |  8.5
Armour         | 4 5 6 7 8 |  8.5
Shields        | 5 6 7 8 9 10 | 10.1
Axes           | 1 4 6 8 |  8.7
Invocations    | 1 2 |  2.0

Action                     |  1- 3 |  4- 6 |  7- 9 | 10-12 || total
---------------------------+-------+-------+-------+-------++-------
  Melee: Flail             |   115 |    78 |     5 |       ||   198
         Hand axe          |       |       |   314 |   206 ||   520
Ability: Dig               |       |     1 |     2 |       ||     3
    Use: Potion            |       |     1 |       |     1 ||     2
         Scroll            |       |       |     8 |     4 ||    12
 Armour: Scale mail        |    60 |    63 |    91 |    42 ||   256
  Dodge: Dodged            |    69 |    39 |    93 |    43 ||   244
  Block: Buckler           |    29 |    19 |    34 |       ||    82
         Kite shield       |       |       |    56 |    76 ||   132
